 Dungeon Crawl Stone Soup version 0.21.0-3-g78d12a8bdd (webtiles) character file.

1078 Rrauwl the Charlatan (level 8, -4/60 HPs)
             Began as a Gnoll Artificer on Jan 13, 2018.
             Was a Believer of Vehumet.
             Killed from afar by an electric eel (7 damage)
             ... with a bolt of electricity
             ... on level 6 of the Dungeon.
             The game lasted 00:17:13 (5759 turns).

Rrauwl the Charlatan (Gnoll Artificer)              Turns: 5759, Time: 00:17:14

Health: -4/60      AC:  4    Str: 15    XL:     8   Next: 29%
Magic:  0/13       EV: 15    Int: 15    God:    Vehumet [**....]
Gold:   201        SH:  0    Dex: 16    Spells: 12/13 levels left

rFire    . . .     SeeInvis .   a - +2 spear (venom)
rCold    + . .     Gourm    .   (no shield)
rNeg     . . .     Faith    .   g - +0 leather armour
rPois    .         Spirit   +   (no helmet)
rElec    .         Reflect  .   f - scarf {Spirit}
rCorr    .         Harm     .   n - +0 pair of gloves
MR       .....                  (no boots)
Stlth    ++........             (no amulet)
HPRegen  0.20/turn              p - ring of protection from cold
MPRegen  0.13/turn              r - ring of wizardry

@: no status effects
A: distributed training, fangs 1, strong nose
a: Renounce Religion


You were on level 6 of the Dungeon.
You worshipped Vehumet.
Vehumet was pleased with you.
You were not hungry.

You visited 1 branch of the dungeon, and saw 6 of its levels.

You collected 301 gold pieces.
You spent 100 gold pieces at shops.

Inventory:

Hand Weapons
 a - a +2 spear of venom (weapon)
 b - a +0 shortbow
Missiles
 q - 2 throwing nets (quivered)
 u - 14 arrows
Armour
 f - a scarf of spirit shield (worn)
 g - a +0 leather armour (worn)
 n - a +0 pair of gloves (worn)
Jewellery
 p - a ring of protection from cold (left hand)
 r - a ring of wizardry (right hand)
Wands
 d - a wand of enslavement (14)
 e - a wand of random effects (5)
Scrolls
 c - a scroll of immolation
 h - 2 scrolls of teleportation
 k - 3 scrolls of identify
 m - a scroll of magic mapping
 s - a scroll of enchant armour {unknown}
Potions
 i - 6 potions of curing
 j - a potion of haste
 l - a potion of might
Comestibles
 o - 4 rations
 t - 2 chunks of flesh


   Skills:
 + Level 4.0 Fighting
 + Level 4.0 Short Blades
 + Level 3.1 Long Blades
 + Level 3.1 Axes
 + Level 3.1 Maces & Flails
 + Level 3.1 Polearms
 + Level 3.1 Staves
 + Level 3.1 Slings
 + Level 3.1 Bows
 + Level 3.1 Crossbows
 + Level 3.1 Throwing
 + Level 3.1 Armour
 + Level 5.5 Dodging
 + Level 3.9 Stealth
 + Level 3.1 Shields
 + Level 3.1 Unarmed Combat
 + Level 3.1 Spellcasting
 + Level 2.5 Conjurations
 + Level 2.5 Hexes
 + Level 2.5 Charms
 + Level 2.5 Summonings
 + Level 2.5 Necromancy
 + Level 2.5 Translocations
 + Level 2.5 Transmutations
 + Level 2.5 Fire Magic
 + Level 2.5 Ice Magic
 + Level 2.5 Air Magic
 + Level 2.5 Earth Magic
 + Level 2.5 Poison Magic
 + Level 3.4 Invocations
 + Level 7.3 Evocations


You had 12 spell levels left.
You knew the following spells:

 Your Spells              Type           Power        Failure   Level  Hunger
a - Magic Dart            Conj           #...         3%          1    #......


Dungeon Overview and Level Annotations

Branches:
Dungeon (6/15)
 Temple: D:4-7

Altars:
Vehumet
Xom
The Shining One

Shops:
D:4 !


Innate Abilities, Weirdness & Mutations

Your experience applies equally to all skills.
You have very sharp teeth.
Your uncanny sense of smell can sniff out nearby items.


Message History

You are too injured to fight recklessly!
You are too injured to fight recklessly!
Attack whom?
Press: ? - help, Dir - move target cursor, f/p - electric eel
Aim: an electric eel (lightly wounded)
You reach to attack!
You hit the electric eel.
The electric eel is poisoned.
The electric eel is moderately wounded.
The electric eel shoots out a bolt of lightning at you!
The bolt of electricity hits you!
* * * LOW HITPOINT WARNING * * *
The bolt of electricity hits you!
* * * LOW HITPOINT WARNING * * *
The bolt of electricity hits the electric eel.
The electric eel completely resists.
The electric eel shoots out a bolt of lightning at you!
The bolt of electricity hits the plant.
The bolt of electricity hits you!
* * * LOW HITPOINT WARNING * * *
The electric eel shoots out a bolt of lightning at you!
The bolt of electricity hits the plant.
The bolt of electricity hits you!
You die...

#### ##.....##
##...## ###### ##'##
###...♣(..
######.####..♣≈≈≈ ..
.........##...≈≈≈♣≈≈.
#######.>##...♣♣(≈≈≈≈
##...##♣...;♣≈≈≈≈
#.....##.P..≈≈♣
##)....@.....♣.♣
##.#####.....P.. ###
#######.#


You could see an electric eel.

Vanquished Creatures
  2 ogres (D:6)
  2 centaurs (D:6)
  2 scorpions
  A wyvern skeleton (D:6)
  A howler monkey (D:6)
  An electric eel (D:6)
  A crimson imp (D:6)
  3 hounds
  An orc priest (D:4)
  An orc wizard (D:4)
  An iguana (D:4)
  2 worker ants (D:4)
  A hound skeleton (D:6)
  11 gnolls
  5 adders
  A howler monkey skeleton (D:5)
  2 worms (D:6)
  2 dart slugs
  3 leopard geckos
  6 orcs
  A giant cockroach (D:3)
  10 goblins
  7 hobgoblins
  8 jackals
  6 kobolds
  3 quokkas
  A ball python (D:3)
  11 bats
  6 frilled lizards
  2 jackal skeletons
  8 rats
  A plant (D:6)
113 creatures vanquished.

Vanquished Creatures (others)
  A gnoll (D:3)
1 creature vanquished.

Grand Total: 114 creatures vanquished

Notes
Turn   | Place    | Note
-------+----------+-------------------------------------------
     0 | D:1      | Rrauwl the Gnoll Artificer began the quest for the Orb.
     0 | D:1      | Reached XP level 1. HP: 17/17 MP: 4/4
   184 | D:1      | Reached XP level 2. HP: 19/23 MP: 6/6
   782 | D:2      | Found a radiant altar of Vehumet.
   802 | D:2      | Reached XP level 3. HP: 14/28 MP: 7/7
   996 | D:2      | Became a worshipper of Vehumet
  1040 | D:2      | Reached skill level 1 in Invocations
  1378 | D:2      | Reached skill level 1 in Long Blades
  1378 | D:2      | Reached skill level 1 in Axes
  1378 | D:2      | Reached skill level 1 in Maces & Flails
  1378 | D:2      | Reached skill level 1 in Polearms
  1378 | D:2      | Reached skill level 1 in Staves
  1378 | D:2      | Reached skill level 1 in Slings
  1378 | D:2      | Reached skill level 1 in Bows
  1378 | D:2      | Reached skill level 1 in Crossbows
  1378 | D:2      | Reached skill level 1 in Throwing
  1378 | D:2      | Reached skill level 1 in Armour
  1378 | D:2      | Reached skill level 1 in Shields
  1378 | D:2      | Reached skill level 1 in Unarmed Combat
  1378 | D:2      | Reached skill level 1 in Spellcasting
  1409 | D:2      | Reached XP level 4. HP: 28/34 MP: 8/8
  2086 | D:3      | Found a glowing golden altar of the Shining One.
  2225 | D:3      | Reached * piety under Vehumet
  2225 | D:3      | Offered knowledge of Shock by Vehumet.
  2225 | D:3      | Reached skill level 1 in Conjurations
  2225 | D:3      | Reached skill level 1 in Hexes
  2225 | D:3      | Reached skill level 1 in Charms
  2225 | D:3      | Reached skill level 1 in Summonings
  2225 | D:3      | Reached skill level 1 in Necromancy
  2225 | D:3      | Reached skill level 1 in Translocations
  2225 | D:3      | Reached skill level 1 in Transmutations
  2225 | D:3      | Reached skill level 1 in Fire Magic
  2225 | D:3      | Reached skill level 1 in Ice Magic
  2225 | D:3      | Reached skill level 1 in Air Magic
  2225 | D:3      | Reached skill level 1 in Earth Magic
  2225 | D:3      | Reached skill level 1 in Poison Magic
  2994 | D:3      | Reached XP level 5. HP: 27/40 MP: 6/9
  3433 | D:4      | Reached XP level 6. HP: 38/47 MP: 8/11
  3685 | D:4      | Reached skill level 5 in Dodging
  3779 | D:4      | Found Dothrol's Distillery.
  3784 | D:4      | Bought a potion of might for 40 gold pieces
  3784 | D:4      | Bought a potion of heal wounds for 50 gold pieces
  3784 | D:4      | Bought a potion of degeneration for 10 gold pieces
  3975 | D:4      | Reached XP level 7. HP: 52/52 MP: 12/12
  4128 | D:5      | Entered Level 5 of the Dungeon
  4146 | D:5      | Found a shimmering altar of Xom.
  4329 | D:5      | Offered knowledge of Magic Dart by Vehumet.
  4332 | D:5      | Learned a level 1 spell: Magic Dart
  4534 | D:5      | Reached skill level 7 in Evocations
  5318 | D:6      | Reached ** piety under Vehumet
  5318 | D:6      | Reached XP level 8. HP: 33/60 MP: 6/13
  5758 | D:6      | HP: 3/60 [electric eel/bolt of electricity (6)]
  5759 | D:6      | Killed from afar by an electric eel

Skill      XL: |  1  2  3  4  5  6  7  8 |
---------------+-------------------------+-----
Invocations    | 1 2 3 |  3.4
Long Blades    | 1 2 3 |  3.1
Axes           | 1 2 3 |  3.1
Maces & Flails | 1 2 3 |  3.1
Polearms       | 1 2 3 |  3.1
Staves         | 1 2 3 |  3.1
Slings         | 1 2 3 |  3.1
Bows           | 1 2 3 |  3.1
Crossbows      | 1 2 3 |  3.1
Throwing       | 1 2 3 |  3.1
Armour         | 1 2 3 |  3.1
Shields        | 1 2 3 |  3.1
Unarmed Combat | 1 2 3 |  3.1
Spellcasting   | 1 2 3 |  3.1
Conjurations   | 1 2 |  2.5
Hexes          | 1 2 |  2.5
Charms         | 1 2 |  2.5
Summonings     | 1 2 |  2.5
Necromancy     | 1 2 |  2.5
Translocations | 1 2 |  2.5
Transmutations | 1 2 |  2.5
Fire Magic     | 1 2 |  2.5
Ice Magic      | 1 2 |  2.5
Air Magic      | 1 2 |  2.5
Earth Magic    | 1 2 |  2.5
Poison Magic   | 1 2 |  2.5
Fighting       | 3 4 |  4.0
Short Blades   | 3 4 |  4.0
Stealth        | 3 |  3.9
Dodging        | 5 |  5.5
Evocations     | 7 |  7.3

Action                   |  1- 3 |  4- 6 |  7- 9 || total
-------------------------+-------+-------+-------++-------
Melee: Short sword       |   166 |   207 |       ||   373
       Bite              |    19 |    20 |    11 ||    50
       Punch             |       |     2 |     1 ||     3
       Spear             |       |    23 |    88 ||   111
 Fire: Shortbow          |       |       |    23 ||    23
 Cast: Magic Dart        |       |       |     9 ||     9
Evoke: Wand              |       |    26 |       ||    26
  Use: Scroll            |       |     7 |       ||     7
       Potion            |       |     4 |     4 ||     8
 Stab: Sleeping          |     4 |     3 |     1 ||     8
       Invisible         |       |     1 |       ||     1
  Eat: Ration            |     1 |       |     1 ||     2
       Chunk             |       |     7 |     2 ||     9
Armor: Leather armour    |     1 |     6 |    10 ||    17
       Chain mail        |   114 |    75 |       ||   189
Dodge: Dodged            |    98 |   106 |    56 ||   260
